 Dungeon Crawl Stone Soup version 0.25.1-8-g42b30a86e7 (webtiles) character file.

Game seed: 12254003857786845180

33563 Destapler the Fighter (level 13, -4/204 HPs)
             Began as a Troll Berserker on Dec 11, 2020.
             Was the Champion of Trog.
             Slain by Saint Roka
             ... wielding a +2 long sword of holy wrath
              (19 damage)
             ... on level 2 of the Orcish Mines.
             The game lasted 01:24:54 (13555 turns).

Destapler the Fighter (Troll Berserker)            Turns: 13555, Time: 01:24:54

Health: -4/204     AC: 11    Str: 40    XL:     13   Next: 37%
Magic:  6/6        EV: 11    Int:  3    God:    Trog [******]
Gold:   2150       SH:  0    Dex:  9    Spells: 12/12 levels left

rFire    . . .     SeeInvis +   a - +9 rapier "Sing" {vorpal, rF+ MR+ MP-9}
rCold    . . .     Gourm    +   (no shield)
rNeg     . . .     Faith    .   H - +0 troll leather armour
rPois    .         Spirit   .   (helmet restricted)
rElec    +         Reflect  .   R - +1 cloak
rCorr    .         Harm     .   (gloves unavailable)
MR       ++++.                  (boots unavailable)
Stlth    ..........             l - amulet "Ekugg" {Acrobat rElec rF- Str+8 Stlth-}
HPRegen  2.24/turn              D - ring of see invisible
MPRegen  0.10/turn              X - ring of protection from magic

@: berserking (expiring), regenerating, very quick
A: large, unfitting armour, claws 3, fast metabolism 3, gourmand, regeneration
1, shaggy fur 1, tough skin 3
a: Berserk, Trog's Hand, Brothers in Arms, Renounce Religion


You were on level 2 of the Orcish Mines.
You worshipped Trog.
Trog was exalted by your worship.
You were very full.

You visited 2 branches of the dungeon, and saw 14 of its levels.
You also visited: Ossuary, Bailey and Gauntlet.

You collected 2150 gold pieces.

Inventory:

Hand Weapons
 a - the +9 rapier "Sing" (weapon) {vorpal, rF+ MR+ MP-9}
   (You took it off an orc on level 7 of the Dungeon)

   It inflicts extra damage upon your enemies.
   It protects you from fire.
   It affects your resistance to hostile enchantments.
   It affects your magic capacity (-9).
Missiles
 p - 5 atropa-tipped darts (quivered)
 I - 49 poisoned darts
 L - 8 throwing nets
 M - 35 boomerangs
 P - 12 silver javelins
 T - 2 silver boomerangs
Armour
 G - a +2 robe of magic resistance
 H - a +0 troll leather armour (worn)
 O - a +0 tower shield
 R - a +1 cloak (worn)
Jewellery
 l - the amulet "Ekugg" (around neck) {Acrobat rElec rF- Str+8 Stlth-}
   (You found it in a Gauntlet)

   [amulet of the acrobat]

   It helps you evade while moving and waiting.
   It affects your strength (+8).
   It makes you vulnerable to fire.
   It insulates you from electricity.
   It makes you less stealthy.
 n - an uncursed amulet of regeneration
 v - an uncursed ring of ice
 D - a ring of see invisible (left claw)
 X - a ring of protection from magic (right claw)
Wands
 e - a wand of disintegration (12)
 h - a wand of flame (11)
 r - a wand of polymorph (8)
 y - a wand of enslavement (9)
 Q - a wand of acid (9)
 W - a wand of iceblast (12)
Scrolls
 c - 4 scrolls of enchant weapon
 d - 4 scrolls of identify
 g - 3 scrolls of fog
 k - a scroll of blinking {unknown}
 o - a scroll of immolation
 q - a scroll of holy word {unknown}
 x - a scroll of enchant armour {unknown}
 A - 5 scrolls of fear
 C - 3 scrolls of teleportation
 F - 3 scrolls of noise {unknown}
 J - 4 scrolls of remove curse
 U - 2 scrolls of brand weapon {unknown}
Potions
 f - 2 potions of curing
 i - 2 potions of cancellation
 j - 3 potions of flight
 m - a potion of lignification
 s - a potion of might {unknown}
 t - a potion of magic {unknown}
 u - 3 potions of haste
 w - 2 potions of mutation
 B - 5 potions of stabbing
 E - a potion of invisibility {unknown}
 K - a potion of heal wounds
 N - a potion of berserk rage {unknown}
Comestibles
 b - 21 rations
 z - 10 chunks of flesh


   Skills:
 + Level 10.8 Fighting
 + Level 8.9 Short Blades
 - Level 5.0 Throwing
 - Level 5.0 Armour
 - Level 5.2 Dodging
 - Level 6.0 Shields
 - Level 9.6 Unarmed Combat
 - Level 5.0 Evocations


You had 12 spell levels left.
You didn't know any spells.
Your spell library contained the following spells:

 Spells                   Type           Power        Failure   Level  Hunger
 Corpse Rot               Necr/Air       N/A          69%         2    ###....
 Swiftness                Chrm/Air       #.......     69%         2    ###....
 Ozocubu's Armour         Chrm/Ice       #.......     89%         3    ####...
 Spectral Weapon          Hex/Chrm       #.......     89%         3    ####...
 Ice Form                 Ice/Tmut       #.......     100%        4    #####..
 Petrify                  Tmut/Erth      #.......     100%        4    #####..
 Iskenderun's Battlesphe  Conj/Chrm      #.......     100%        5    ######.
 Hydra Form               Tmut           #.........   100%        6    #######
 Ring of Flames           Chrm/Fire      #.........   100%        7    #######


Dungeon Overview and Level Annotations

Branches:
Dungeon (12/15)            Temple (0/1) D:7            Lair (0/6) D:11
    Orc (2/2) D:9             Elf (0/3) Orc:2       Ossuary (visited)
 Bailey (visited)         Gauntlet (visited)

Altars:
Ashenzari
Dithmenos
Elyvilon
Kikubaaqudgha
Makhleb
Nemelex Xobeh
Qazlal
Trog
Uskayaw
Vehumet
Yredelemnul
The Shining One

Shops:
D:6 =   D:7 %%   D:8 *   D:9 [   Orc:2 [

Annotations:
Orc:2 Saint Roka


Innate Abilities, Weirdness & Mutations

You are too large for most types of armour.
You have claws for hands.
Your metabolism is lightning-fast.
You like to eat raw meat.
Your natural rate of healing is unusually fast.
You are covered in fur. (AC +1)
You have extremely tough skin. (AC +3)


Message History

* * * LOW HITPOINT WARNING * * *
You puncture the orc knight!
The orc knight is almost dead.
The orc warrior hits you from afar with a +0 halberd!
* * * LOW HITPOINT WARNING * * *
You hit the orc knight but do no damage.
The orc knight is almost dead.
Saint Roka misses you.
You completely miss the orc knight.
The orc knight is almost dead.
The orc knight hits you with a +3 great sword!!
* * * LOW HITPOINT WARNING * * *
The orc warrior hits you from afar with a +0 halberd!
* * * LOW HITPOINT WARNING * * *
You barely miss the orc knight. Your claw misses the orc knight.
The orc knight is almost dead.
You completely miss the orc knight.
The orc knight is almost dead.
Saint Roka hits you with a +2 long sword of holy wrath!!
You die...

...............)).....#...###
.....................##....##
........#..#.....)..........##
............#......)....##.#.##
..................$......#....###
...................#.............
...^.....................^...o...
..............o)#..)..#######.###
...............o@)))..# #.#
...............o##.#..# #.###
...............##..#..# #....
.....#........##......# #o###
.)..###..#.##.##......###+###.#
....# #...##....#.#.........oo#
....##.#...#.....###..###'##..###
............#.... #..# #.....
...........###... #..# #o.###


You could see Saint Roka, an orc knight (strong) and an orc warrior (strong).

Vanquished Creatures
  A minotaur (Gauntlet)
  Josephine (D:11)
  Erolcha (D:11)
  A yaktaur captain (D:11)
  An ice dragon (D:12)
  3 two-headed ogres
  Erica (D:8)
  An orc high priest (Orc:2)
  An unseen horror (D:11)
  2 wizards (Gauntlet)
  3 ugly things
  2 orc knights (Orc:2)
  2 cyclopes
  The ghost of harness the Carver, a novice TeGl of Wu Jian (D:6)
  A centaur zombie (D:12)
  3 centaur skeletons
  Psyche (D:11)
  A kobold demonologist (D:12)
  8 trolls
  A hornet (shapeshifter) (Gauntlet)
  A hippogriff (D:3)
  Sigmund (D:2)
  A centaur simulacrum (D:10)
  3 shadows (Gauntlet)
  7 wraiths
  A human (D:8)
  9 yaks
  A basilisk (D:10)
  3 hogs (D:8)
  A golden eye (shapeshifter) (Gauntlet)
  Eustachio (D:5)
  8 wargs
  2 hungry ghosts
  Menkaure (D:6)
  A swamp worm (shapeshifter) (Gauntlet)
  4 porcupines (D:11)
  6 black bears
  7 ice beasts
  33 orc warriors
  3 sky beasts
  7 phantoms
  3 centaurs
  19 ogres
  A big kobold (D:7)
  6 bullfrogs
  A wyvern zombie (D:8)
  10 gnoll sergeants
  3 wyvern skeletons
  A troll zombie (D:9)
  2 scorpions
  3 wights (D:8)
  6 howler monkeys
  5 crimson imps
  2 bullfrog zombies (D:5)
  12 hounds
  A quasit (D:11)
  3 jellies
  6 bullfrog skeletons
  28 orc priests
  7 gnoll shamans
  26 orc wizards
  2 iguanas
  7 worker ants
  A statue (D:7)
  A killer bee zombie (D:8)
  5 ogre zombies (D:9)
  2 hound skeletons
  8 mummies (Ossuary)
  A worker ant zombie (D:6)
  34 gnolls
  15 adders
  5 shadow imps
  A white imp (Gauntlet)
  An adder zombie (D:9)
  3 worms
  2 adder skeletons (D:7)
  2 dart slugs
  3 leopard geckos
  104 orcs
  6 giant cockroaches
  2 gnoll zombies (Ossuary)
  6 goblins
  9 hobgoblins
  14 jackals
  6 quokkas
  9 bats
  5 frilled lizards
  A goblin zombie (D:9)
  2 hobgoblin skeletons (D:9)
  5 hobgoblin zombies
  A jackal skeleton (D:6)
  13 kobolds
  A kobold zombie (Ossuary)
  3 orc skeletons (D:9)
  13 orc zombies
  9 rats
584 creatures vanquished.

Vanquished Creatures (others)
  An adder (D:7)
  A shadow imp (Gauntlet)
  2 white imps (Gauntlet)
  2 withered plants (Gauntlet)
6 creatures vanquished.

Grand Total: 590 creatures vanquished

Notes
Turn   | Place    | Note
-------+----------+-------------------------------------------
     0 | D:1      | Destapler the Troll Berserker began the quest for the Orb.
     0 | D:1      | Reached XP level 1. HP: 22/22 MP: 0/0
   303 | D:1      | Reached XP level 2. HP: 29/29 MP: 1/1
   886 | D:2      | Reached XP level 3. HP: 36/36 MP: 2/2
  1123 | D:2      | Reached skill level 3 in Fighting
  1270 | D:2      | Noticed Sigmund
  1309 | D:2      | Killed Sigmund
  1309 | D:2      | Reached ** piety under Trog
  1309 | D:2      | Reached XP level 4. HP: 38/46 MP: 3/3
  1309 | D:2      | Reached XP level 5. HP: 44/53 MP: 4/4
  1452 | D:3      | Noticed a hippogriff
  1462 | D:3      | Killed a hippogriff
  1462 | D:3      | Reached skill level 4 in Fighting
  1462 | D:3      | Reached XP level 6. HP: 37/62 MP: 5/5
  1535 | D:3      | Reached skill level 5 in Unarmed Combat
  1775 | D:3      | Found a burning altar of Makhleb.
  2309 | D:4      | Found a sand-covered staircase.
  2317 | Ossuary  | Entered an ossuary
  2386 | Ossuary  | Reached XP level 7. HP: 70/70 MP: 6/6
  2388 | Ossuary  | Reached *** piety under Trog
  2985 | D:4      | Reached skill level 1 in Evocations
  3159 | D:5      | Entered Level 5 of the Dungeon
  3188 | D:5      | Found a sparkling altar of Nemelex Xobeh.
  3213 | D:5      | Reached XP level 8. HP: 75/79 MP: 6/8
  3241 | D:5      | Noticed Eustachio
  3259 | D:5      | Killed Eustachio
  3277 | D:5      | Found an ancient bone altar of Kikubaaqudgha.
  3408 | D:5      | Reached skill level 5 in Fighting
  3408 | D:5      | Reached skill level 5 in Dodging
  3886 | D:6      | Found a basalt altar of Yredelemnul.
  3901 | D:6      | Noticed Menkaure
  3910 | D:6      | Killed Menkaure
  4123 | D:6      | Got a pitted ring mail
  4226 | D:6      | Found Haigha's Jewellery Emporium.
  4497 | D:6      | Found a runed translucent door.
  4497 | D:6      | Noticed harness's ghost (novice TeGl)
  4508 | D:6      | Killed harness's ghost
  4508 | D:6      | Reached skill level 1 in Throwing
  4508 | D:6      | Reached skill level 1 in Armour
  4508 | D:6      | Reached XP level 9. HP: 88/88 MP: 8/10
  4783 | D:7      | Found a bloodstained altar of Trog.
  4825 | D:7      | Found Mijemuo's Food Shoppe.
  4856 | D:7      | Found a hide-covered altar of Uskayaw.
  4857 | D:7      | Found a shattered altar of Ashenzari.
  4857 | D:7      | Found a shadowy altar of Dithmenos.
  4978 | D:7      | Reached skill level 1 in Shields
  4989 | D:7      | Reached **** piety under Trog
  5013 | D:7      | Identified the +9 rapier "Sing" {vorpal, rF+ MR+ MP-9}
  5033 | D:7      | Reached skill level 6 in Fighting
  5064 | D:7      | Found Xailou Gapn's Food Boutique.
  5228 | D:7      | Found a staircase to the Ecumenical Temple.
  5354 | D:7      | Reached XP level 10. HP: 98/98 MP: 2/11
  5624 | D:7      | Found a radiant altar of Vehumet.
  5662 | D:7      | Found a stormy altar of Qazlal.
  5943 | D:8      | Found a white marble altar of Elyvilon.
  5952 | D:8      | Got a masterwork mace
  6020 | D:8      | Got a bone spear
  6044 | D:8      | Reached skill level 1 in Short Blades
  6045 | D:8      | Identified the cursed +2 mace of the Tundras {vorpal, rPois
                  | MR- Str+5 Int+3} (You found it on level 8 of the Dungeon)
  6048 | D:8      | Identified the cursed +1 spear of the Saving Bear {holy,
                  | SInv} (You found it on level 8 of the Dungeon)
  6282 | D:8      | Noticed a two-headed ogre
  6283 | D:8      | Noticed Erica
  6372 | D:8      | Found a glowing golden altar of the Shining One.
  6542 | D:8      | Killed Erica
  6675 | D:8      | Found Cowoab's Lightly-Used Armoury.
  6946 | D:9      | Reached ***** piety under Trog
  7085 | D:9      | Found a staircase to the Orcish Mines.
  7163 | D:9      | Reached XP level 11. HP: 98/107 MP: 13/13
  7255 | D:9      | Received a gift from Trog
  7738 | D:9      | Found Coraary's Antique Armour Shoppe.
  7791 | D:10     | Entered Level 10 of the Dungeon
  7803 | D:10     | Noticed a two-headed ogre
  7817 | D:10     | Killed a two-headed ogre
  7873 | D:10     | Reached skill level 7 in Fighting
  7893 | D:10     | Reached skill level 5 in Throwing
  8023 | D:10     | Reached skill level 5 in Evocations
  8521 | D:11     | Noticed Psyche
  8524 | D:11     | Killed Psyche
  8534 | D:11     | Found a gate leading to a gauntlet.
  8552 | Gauntlet | Entered a Gauntlet
  8552 | Gauntlet | Found a transporter.
  8552 | Gauntlet | Found a transporter.
  8552 | Gauntlet | Found a transporter.
  8575 | Gauntlet | Found a transporter.
  8577 | Gauntlet | Found a transporter.
  8579 | Gauntlet | Noticed a harpy
  8587 | Gauntlet | Found a transporter.
  8591 | Gauntlet | Found a transporter.
  8600 | Gauntlet | Noticed a wizard
  8606 | Gauntlet | Found a transporter.
  8611 | Gauntlet | Noticed a wizard
  8622 | Gauntlet | Found a transporter.
  8625 | Gauntlet | Found a transporter.
  8625 | Gauntlet | Noticed a death ooze
  8629 | Gauntlet | Found a transporter.
  8630 | Gauntlet | Noticed a wretched star
  8640 | Gauntlet | Found a transporter.
  8653 | Gauntlet | Noticed a fire crab
  8756 | Gauntlet | Noticed a fire crab
  8756 | Gauntlet | a meliai changed into a fire crab
  8774 | Gauntlet | Noticed a harpy
  8787 | Gauntlet | a harpy changed into a golden eye
  8797 | Gauntlet | Reached skill level 5 in Armour
  8837 | Gauntlet | Got a brightly glowing garnet amulet
  8838 | Gauntlet | Identified the amulet "Ekugg" {Acrobat rElec rF- Str+8
                  | Stlth-} (You found it in a Gauntlet)
  8855 | Gauntlet | Killed a wizard
  8856 | Gauntlet | Killed a wizard
  8944 | Gauntlet | Identified the +3 ring mail of the Tormentor {rElec Int+4
                  | Slay-3}
  8944 | Gauntlet | Noticed a minotaur
  8954 | Gauntlet | Killed a minotaur
  8954 | Gauntlet | Reached skill level 5 in Shields
  9013 | Gauntlet | Identified the Incunabulum of Lethal Moulding
  9013 | Gauntlet | Identified the Volume of Aid
  9082 | D:11     | Found a staircase to the Lair.
  9090 | D:11     | Reached skill level 5 in Short Blades
  9110 | D:11     | Reached skill level 8 in Fighting
  9274 | D:11     | Reached XP level 12. HP: 116/119 MP: 5/14
  9389 | D:11     | Noticed Erolcha
  9397 | D:11     | Killed Erolcha
  9566 | D:11     | Noticed Josephine
  9578 | D:11     | Killed Josephine
  9862 | D:11     | Noticed a yaktaur captain
  9866 | D:11     | Killed a yaktaur captain
  9979 | D:11     | Reached skill level 9 in Fighting
 10222 | D:12     | Noticed a two-headed ogre
 10239 | D:12     | Killed a two-headed ogre
 10399 | D:12     | Noticed a two-headed ogre
 10406 | D:12     | Killed a two-headed ogre
 10756 | D:12     | Noticed an ice dragon
 10787 | D:12     | Killed an ice dragon
 11165 | Orc:1    | Entered Level 1 of the Orcish Mines
 11261 | Orc:2    | Entered Level 2 of the Orcish Mines
 11277 | Orc:1    | Reached skill level 10 in Fighting
 11304 | Orc:1    | Found a flagged portal.
 11308 | Bailey   | Entered a bailey
 11491 | Bailey   | Reached XP level 13. HP: 133/133 MP: 6/15
 12335 | Orc:2    | Found Laff's Antique Armour Emporium.
 12401 | Orc:2    | Found a staircase to the Elven Halls.
 12604 | Orc:2    | Reached ****** piety under Trog
 12805 | Orc:2    | Received a gift from Trog
 12810 | Orc:2    | Noticed Saint Roka
 13555 | Orc:2    | Slain by Saint Roka

Illustrated notes

Levels and vault maps discovered:
D:1:      psy_arrival_whirlpool, layout_basic
D:2:      layout_basic, uniq_sigmund
D:3:      layout_loops_cross, nicolae_overflow_hidden_temple,
          minmay_joined_circles
D:4:      layout_gridville, nicolae_ossuary_entry_ruins
D:5:      layout_loops_ring, kiku_gazebo_pond_becter,
          nemelex_xobeh_ov_fountains_minmay, first_ration, uniq_eustachio
D:6:      layout_basic, yredelemnul_altar_generic,
          ebering_ghost_reflecting_pool, serial_shops, nicolae_shop_trees,
          uniq_menkaure
D:7:      layout_cave_pools, old_standard_altar, vehumet_statue,
          chequers_temple_overflow_statue_of_worship, trog_ov_bears_minmay,
          temple_fountains, serial_gnoll_camp, gnoll_camp_mini_hut,
          gnoll_camp_mini_shop, gnoll_camp_mini_basic, gnoll_camp_medium_02,
          serial_shops, nicolae_shop_crystal
D:8:      layout_rooms, elyvilon_altar_4, nicolae_tso_carved_into_rock,
          grunt_livestock, minmay_shop_damaged, uniq_erica
D:9:      layout_basic, zombieorc1_lemuel, serial_shops, shop
D:10:     layout_cave_pools
D:11:     minmay_shrinking_squares, layout_irregular_city,
          due_lair_maze_entry_diamond, gauntlet_entry_generic, uniq_erolcha,
          uniq_josephine, uniq_psyche
D:12:     dragon1_lemuel, layout_irregular_city
Orc:1:    layout_diamond_mine, enter_bailey_2
Orc:2:    st_orc_town, layout_caves, serial_shops, nicolae_shop_statue_plus,
          basic_altar, uniq_saint_roka

Skill      XL: |  1  2  3  4  5  6  7  8  9 10 11 12 13 |
---------------+----------------------------------------+-----
Fighting       | 3 4 5 6 8 10 | 10.8
Dodging        | 3 4 5 |  5.2
Unarmed Combat | 4 5 6 7 9 |  9.6
Evocations     | 1 2 3 4 5 |  5.0
Throwing       | 1 3 4 5 |  5.0
Armour         | 1 2 4 5 |  5.0
Shields        | 1 3 5 6 |  6.0
Short Blades   | 2 5 7 8 |  8.9

Action                   |  1- 3 |  4- 6 |  7- 9 | 10-12 | 13-15 || total
-------------------------+-------+-------+-------+-------+-------++-------
Melee: Unarmed           |    93 |   110 |   321 |   494 |       ||  1018
       Punch             |     2 |     1 |    10 |    45 |    18 ||    76
       Rapier            |       |       |    24 |   282 |   339 ||   645
Throw: Dart              |       |       |     6 |    25 |     6 ||    37
       Boomerang         |       |       |       |    11 |       ||    11
       Javelin           |       |       |       |     2 |       ||     2
Invok: Berserk           |     3 |     3 |    12 |    22 |     8 ||    48
       Trog's Hand       |       |       |    11 |    12 |     3 ||    26
  Use: Potion            |     1 |       |       |     3 |       ||     4
       Scroll            |       |     6 |       |    16 |     1 ||    23
 Stab: Sleeping          |     1 |       |     1 |       |       ||     2
       Invisible         |       |       |     1 |       |     1 ||     2
  Eat: Chunk             |    19 |    11 |    45 |    90 |    28 ||   193
Armor: Animal skin       |    39 |    35 |   109 |    37 |       ||   220
       Robe              |       |       |       |    51 |       ||    51
       Skin              |       |       |       |     2 |       ||     2
       Troll leather arm |       |       |       |   236 |   137 ||   373
Dodge: Dodged            |    46 |    62 |   229 |   526 |   282 ||  1145
